 Dungeon Crawl Stone Soup version 0.31.0-1-g2c135a008e (webtiles) character file.

Game seed: 5160680566206652973

143 qw the Shooter (level 5, 0/40 HPs)
             Began as a Djinni Hunter on Jan 24, 2024.
             Slain by a kobold
             ... wielding a +0 dagger
              (1 damage)
             ... on level 3 of the Dungeon.
             The game lasted 00:00:08 (2273 turns).

qw the Shooter (Djinni Hunter)                      Turns: 2273, Time: 00:00:08

Health: 0/40       AC:  5    Str: 10    XL:     5   Next: 50%
Gold:   130        EV: 11    Int: 11    God:
                   SH:  0    Dex: 18

rFire   + + .        a - +0 shortbow
rCold   x . .        (shield currently unavailable)
rNeg    . . .        f - +0 ring mail
rPois   inf          (no helmet)
rElec   .            (no cloak)
rCorr   .            (no gloves)
SInv    .            (boots unavailable)
Will    .....        (no amulet)
Stlth   +            (no ring)
HPRegen 0.26/turn    (no ring)
MPRegen 0.00/turn

%: infuse magic (-1 HP)
@: flying
A: sickness immunity, fire resistance 2, cold vulnerability 1, float, innate
caster, HP casting, extra vitality 1, mutation resistance 1
a: no special abilities


You were on level 3 of the Dungeon.
You visited 1 branch of the dungeon, and saw 3 of its levels.

You collected 130 gold pieces.


Innate Abilities, Weirdness & Mutations

You are immune to sickness and miasma.
You are immune to poison.
Your flesh is very heat resistant. (rF++)
You are vulnerable to cold. (rC-)
You float through the air rather than walking.
You learn spells naturally, not from books.
Your magical power is your life essence.
You have superior vitality. (+4 MHP)
You are somewhat resistant to further mutation.


   Skills:
 - Level 3.1 Fighting
 + Level 4.7 Ranged Weapons
 - Level 1.0 Armour
 - Level 2.1 Dodging
 - Level 0.7 Stealth


You knew the following spells:

 Your Spells              Type           Power      Damage    Failure   Level
a - Apportation           Tloc           0%         N/A       65%         1
b - Call Imp              Summ           0%         N/A       80%         2
Your spell library was empty.

Inventory:

Hand Weapons
 a - a +0 shortbow (weapon)
Armour
 f - a +0 ring mail (worn)
Scrolls
 b - 2 scrolls of teleportation {unknown}
 c - 2 scrolls of identify
 h - a scroll of fear {unknown}
 i - a scroll of poison {unknown}
Potions
 d - a potion of resistance
 e - a potion of berserk rage {unknown}
 g - a potion of heal wounds

Dungeon Overview and Level Annotations

Branches:
Dungeon (3/15)

Altars:

Annotations:
D:3 Grinder, Terence


Message History

Grinder hits you.
You writhe in agony.
Terence the Incautious comes into view.
He is wielding a +0 flail and wearing a +2 scale mail of poison resistance.
Grinder closely misses you.
You shoot an arrow. The arrow hits Grinder.
Grinder is severely wounded.
Grinder barely misses you. The kobold misses you.
You shoot an arrow. The arrow barely misses Grinder.
Grinder says, "DUCK!"
Grinder gestures at you. Pain shoots through your body!
The kobold barely misses you.
You shoot an arrow. The arrow completely misses Grinder.
Grinder gestures at you.
You struggle to resist.
The kobold hits you but does no damage. Grinder hits you.
You writhe in agony.
The kobold misses you.
2266 ||| DRINKING 3 potions of heal wounds.
You feel much better. Grinder closely misses you.
The kobold hits you but does no damage.
You shoot an arrow. The arrow hits Grinder.
Grinder is severely wounded.
Grinder gestures at you.
You suddenly lose the ability to move!
The kobold hits you with a +0 dagger.
Grinder sighs, "No one appreciates my work."
Grinder hits you.
You writhe in agony.
The kobold hits you with a +0 dagger. Grinder gestures at you.
Pain shoots through your body! The kobold hits you but does no damage.
You can move again.
You shoot an arrow. The arrow closely misses Grinder.
The arrow hits Terence.
Terence is lightly wounded.
Grinder hits you! The kobold hits you but does no damage.
2271 ||| DRINKING 2 potions of heal wounds.
You feel much better. Grinder hits you but does no damage.
The kobold hits you but does no damage.
You shoot an arrow. The arrow barely misses Grinder.
The arrow hits Terence.
Terence is moderately wounded.
Grinder misses you. The kobold hits you with a +0 dagger.
You shoot an arrow. The arrow closely misses Grinder.
The arrow hits Terence.
Terence is heavily wounded.
Grinder hits you.
You writhe in agony.
The kobold misses you. Grinder hits you!
You writhe in agony.
The kobold hits you with a +0 dagger.
You die...

# #....'.#)#.## #
##...'...#.# #
#....'.#.#.# #
##....###.#.# # .
##....8# #.#.# #######
... ##.....## #.#.#
......# ....# ###.....##
#.#)#
.....####......#......##
#.#.#
....)...##....@5@....##
..#.#
####.##.###....K....##
#.#
...#..#.####8.....8##
#.# ..#...#.<#.#########
#%# ...#..####.#######.#
#.# ####...............#
#.# .....#####.#########
#.## ...#######.# #...
...........# ####


You could see Grinder, Terence and a kobold.

Vanquished Creatures
  A bombardier beetle (D:3)
  A statue (D:3)
  3 adders (D:3)
  4 dart slugs
  5 bats
  6 endoplasms
  2 giant cockroaches (D:1)
  5 goblins
  6 hobgoblins
  5 kobolds
  5 ball pythons
  3 frilled lizards
  5 rats
  A spectral kobold (D:2)
52 creatures vanquished.

Notes
Turn   | Place    | Note
-------+----------+-------------------------------------------
     0 | D:1      | qw the Djinni Hunter began the quest for the Orb.
     0 | D:1      | Reached XP level 1. HP: 18/18 MP: 0/0
     0 | D:1      | 0 ||| qw: Version: 0.3-a-136-gdd3b4e8
     0 | D:1      | 0 ||| qw: Game counter: 1237
     0 | D:1      | 0 ||| qw: Melee chars always use a shield: true
     0 | D:1      | 0 ||| qw: God list: Okawaru
     0 | D:1      | 0 ||| qw: Allow faded altars: false
     0 | D:1      | 0 ||| qw: Do Orc after clearing Dungeon:15 true
     0 | D:1      | 0 ||| qw: Do second Lair branch before Depths: true
     0 | D:1      | 0 ||| qw: Lair rune preference: random
     0 | D:1      | 0 ||| qw: Goals: Normal
     0 | D:1      | 0 ||| PLANNING D:1-11
   117 | D:1      | Reached XP level 2. HP: 23/23 MP: 0/0
   794 | D:1      | 794 ||| UPGRADING to +0 ring mail.
   804 | D:1      | 804 ||| DROPPING +0 leather armour.
   805 | D:1      | 805 ||| READING 2 scrolls labelled QUSYRA AFE LUBB.
   805 | D:1      | 805 ||| IDENTIFYING ruby potion
   806 | D:1      | 806 ||| DRINKING potion of mutation.
   806 | D:1      | Gained mutation: You are somewhat resistant to further
                  | mutation. [potion of mutation]
   807 | D:1      | 807 ||| READING scroll of identify.
   807 | D:1      | 807 ||| IDENTIFYING 2 metallic sapphire potions
   808 | D:1      | 808 ||| READING scroll labelled NELLU CUTIEL.
   809 | D:1      | 809 ||| DRINKING 2 fuming white potions.
   810 | D:1      | 810 ||| DROPPING scroll of butterflies.
   811 | D:1      | 811 ||| DROPPING 2 potions of magic.
   824 | D:2      | 824 ||| STAIRDANCE
   831 | D:1      | Reached skill level 4 in Ranged Weapons
   831 | D:1      | Reached XP level 3. HP: 26/28 MP: 0/0
   831 | D:1      | Learned a level 1 spell: Apportation
   839 | D:2      | 839 ||| STAIRDANCE
   973 | D:2      | Reached skill level 1 in Armour
  1048 | D:2      | Found a faded altar of an unknown god.
  1133 | D:2      | You are sucked into a shaft and drop 1 floor!
  1153 | D:3      | 1153 ||| READING 2 scrolls of identify.
  1153 | D:3      | 1153 ||| IDENTIFYING viscous silvery potion
  1154 | D:3      | 1154 ||| READING scroll of identify.
  1154 | D:3      | 1154 ||| IDENTIFYING smoky red potion
  1155 | D:3      | 1155 ||| DROPPING potion of invisibility.
  1625 | D:3      | Reached XP level 4. HP: 34/34 MP: 0/0
  1798 | D:3      | Reached skill level 3 in Fighting
  1951 | D:3      | Noticed a charred statue
  1962 | D:3      | Killed a charred statue
  1963 | D:3      | Reached XP level 5. HP: 39/40 MP: 0/0
  1963 | D:3      | Learned a level 2 spell: Call Imp
  2251 | D:3      | Noticed Grinder
  2262 | D:3      | Noticed Terence
  2265 | D:3      | HP: 10/40 [Grinder (3)]
  2266 | D:3      | 2266 ||| DRINKING 3 potions of heal wounds.
  2267 | D:3      | Paralysed by Grinder for 3 turns
  2270 | D:3      | HP: 8/40 [Grinder (7)]
  2271 | D:3      | 2271 ||| DRINKING 2 potions of heal wounds.
  2273 | D:3      | HP: 1/40 [Grinder (4)]
  2273 | D:3      | Slain by a kobold

Levels and vault maps discovered:
D:1:      eino_arrival_cavern_a, layout_basic
D:2:      layout_basic, dreamdust_ecumenical_altar_drowned_temple
D:3:      layout_basic, vehumet_statue, serial_shops, shop, kennysheep_donut,
          minmay_distorted, uniq_terence, uniq_grinder

Skill      XL: |  1  2  3  4 |
---------------+-------------+-----
Ranged Weapons | 4 |  4.7
Armour         | 1 |  1.0
Fighting       | 3 |  3.1
Dodging        | |  2.1
Stealth        | |  0.7

Action                     |  1- 3 |  4- 6 || total
---------------------------+-------+-------++-------
   Fire: Shortbow          |   101 |    84 ||   185
    Use: Scroll            |     5 |       ||     5
         Potion            |     2 |     2 ||     4
 Armour: Leather armour    |     4 |       ||     4
         Ring mail         |    20 |    35 ||    55
  Dodge: Dodged            |    33 |    25 ||    58

Table legend:
 A = Non-vault XP
 B = Vault XP
 C = Vault XP percentage of total XP
 D = Non-vault monster count
 E = Vault monster count
 F = Vault count percentage of total count
                 A         B        C        D         E       F
            +---------+---------+-------+---------+---------+-------
      Total |     165 |      40 |  19.5 |      47 |       5 |   9.6
            +---------+---------+-------+---------+---------+-------
        D:1 |      32 |       0 |   0.0 |      17 |       0 |   0.0
        D:2 |      34 |       1 |   2.9 |      18 |       1 |   5.3
        D:3 |      99 |      39 |  28.3 |      12 |       4 |  25.0
            +---------+---------+-------+---------+---------+-------
